Map: Galactic Process LE

Players

Fropez

  • Race: Protoss Protoss
  • League: Gold
  • Spawn Location: 1:00

LiXeR - Winner!

  • Race: Protoss Protoss
  • League: Gold
  • Spawn Location: 7:00

VOD

Have the link to the VOD?

Description

Time

  • Played on: Sept. 9, 2016, 1:21 p.m.
  • Length: 7:18
Show
View Real Time Build Order
Export as new Build Order

Fropez Protoss 

Build Orders: Oracle Opening 

Get SALT Encoding   

  12  0:08  Probe (Chrono Boost)  
  13  0:20  Pylon  
  13  0:22  Probe (Chrono Boost)  
  14  0:32  Probe (Chrono Boost)  
  14  0:35  Assimilator  
  15  0:42  Gateway  
  15  0:45  Probe (Chrono Boost)  
  16  0:56  Probe (Chrono Boost)  
  17  1:02  Pylon  
  17  1:06  Probe (Chrono Boost)  
  18  1:14  Pylon  
  18  1:17  Probe (Chrono Boost)  
  19  1:31  Cybernetics Core  
  19  1:32  Probe (Chrono Boost)  
  20  1:39  Assimilator  
  20  1:42  Probe (Chrono Boost)  
  21  1:53  Probe (Chrono Boost)  
  22  2:07  Warp Gate (Chrono Boost)  
  22  2:14  Adept  
  24  2:27  Probe  
  25  2:40  Nexus  
  25  2:42  Pylon  
  25  2:44  Pylon  
  25  2:48  Mothership Core  
  27  3:03  Stargate  
  27  3:09  Probe  
  28  3:24  Probe  
  29  3:28  Pylon  
  29  3:36  Probe  
  30  3:46  Oracle (Chrono Boost)  
  33  3:48  Probe  
  33  3:51  Pylon  
  33  4:05  Gateway  
  33  4:06  Gateway  
  33  4:09  Probe, Gateway  
  34  4:11  Probe  
  37  4:27  Oracle (Chrono Boost)  
  38  4:58  Oracle (Chrono Boost)  
  38  5:06  Forge  
  19  5:23  Probe  
  19  5:24  Probe  
  16  5:41  Probe  
  15  6:06  Stalker  
  15  6:07  Stalker x2  
  17  6:34  Probe  
Show
View Real Time Build Order
Export as new Build Order

LiXeR Protoss - Winner!

Build Orders: Dark Templar Rush 

Get SALT Encoding   

  12  0:02  Probe (Chrono Boost)  
  13  0:13  Probe (Chrono Boost)  
  14  0:19  Pylon  
  14  0:24  Probe (Chrono Boost)  
  15  0:37  Probe (Chrono Boost)  
  15  0:38  Gateway  
  16  0:47  Assimilator  
  16  0:48  Probe (Chrono Boost)  
  17  0:59  Probe (Chrono Boost)  
  17  1:01  Assimilator  
  18  1:10  Probe (Chrono Boost)  
  19  1:29  Pylon  
  19  1:39  Cybernetics Core  
  19  1:41  Probe (Chrono Boost)  
  20  2:05  Gateway  
  20  2:08  Gateway  
  20  2:24  Probe (Chrono Boost)  
  20  2:25  Twilight Council  
  22  2:37  Probe (Chrono Boost)  
  22  2:40  Nexus  
  22  2:43  Warp Gate (Chrono Boost)  
  22  2:50  Probe  
  22  2:54  Stalker  
  24  3:07  Dark Shrine  
  24  3:13  Probe  
  25  3:21  Zealot  
  27  3:36  Probe  
  28  3:48  Probe  
  29  4:08  Gateway  
  33  4:12  Pylon  
  29  4:32  Dark Templar x3  
  33  4:48  Probe  
  33  4:50  Probe  
  30  5:02  Probe  
  31  5:14  Mothership Core  
  31  5:18  Pylon  
  29  5:44  Forge  
  29  5:47  Stalker x3  
  35  6:07  Zealot  
  33  6:20  Photon Cannon  
  29  6:30  Pylon  
  29  6:38  Probe  
  29  6:40  Probe  
  29  6:45  Pylon  
  24  6:49  Probe  
  24  6:52  Probe  
  23  7:01  Stalker x2  
  24  7:02  Zealot  
  24  7:03  Zealot  
Tags
 
Add a new tag
Caveats
  • Supply blocks, unpowered buildings, or Contaminate may cause inaccurate times.
  • Supply counts are checked every 10 seconds.